 Dungeon Crawl Stone Soup version 0.27.1-3-gb3d3a73c9e (webtiles) character file.

Game seed: 4620153404899843015

91 Crownlay the Chopper (level 4, -5/39 HPs)
             Began as a Hill Orc Fighter on Oct 19, 2021.
             Killed by divine providence
             ... invoked by an orc priest
              (12 damage)
             ... on level 3 of the Dungeon.
             The game lasted 00:01:43 (1764 turns).

Crownlay the Chopper (Hill Orc Fighter)             Turns: 1764, Time: 00:01:44

Health: -5/39      AC:  6    Str: 19    XL:     4   Next: 57%
Magic:  4/4        EV:  9    Int:  8    God:
Gold:   135        SH:  4    Dex: 10    Spells: 3/3 levels left

rFire    . . .     SeeInvis .   a - +0 war axe
rCold    . . .     Faith    .   k - +0 buckler
rNeg     . . .     Spirit   .   b - +0 scale mail
rPois    .         Reflect  .   (no helmet)
rElec    .         Harm     .   (no cloak)
rCorr    .         Rampage  .   (no gloves)
Will     .....                  (no boots)
Stlth    ..........             (no amulet)
HPRegen  0.13/turn              (no ring)
MPRegen  0.09/turn              (no ring)

@: no status effects
A: no striking features
a: Convert to Beogh


You were on level 3 of the Dungeon.
You visited 1 branch of the dungeon, and saw 3 of its levels.

You collected 135 gold pieces.

Inventory:

Hand Weapons
 a - a +0 war axe (weapon)
Armour
 b - a +0 scale mail (worn)
 c - a +0 kite shield
 k - a +0 buckler (worn)
Scrolls
 e - 2 scrolls of fear {unknown}
 f - 3 scrolls of immolation {unknown}
 g - 4 scrolls of identify {unknown}
 j - 2 scrolls of amnesia {unknown}
 n - a scroll of fog {unknown}
Potions
 d - a potion of might
 h - 3 potions of attraction {unknown}
 i - 2 potions of curing {unknown}
 l - 2 potions of heal wounds {unknown}
 m - a potion of degeneration {unknown}


   Skills:
 - Level 3.6 Fighting
 + Level 4.8 Axes
 - Level 3.2 Armour
 * Level 4.6 Shields


You had 3 spell levels left.
You didn't know any spells.
Your spell library was empty.

Dungeon Overview and Level Annotations

Branches:
Dungeon (3/15)

Altars:


Message History

No target in view!
No target in view!
No target in view!
No target in view!
No target in view!
No target in view!
You open the door.
An orc priest comes into view. It is wielding a +0 short sword.
The orc priest threatens, "By the altar or by the axe, you will meet Beogh!" (press Y on the ability menu to convert to Beogh)
The orc priest shouts!
There is an open door here.
An orc comes into view. It is wielding a +0 falchion.
The orc shouts!
An orc comes into view. It is wielding a +0 flail.
The orc shouts!
You hit the orc priest.
The orc priest is lightly wounded.
The orc priest hits you with a +0 short sword.
You hit the orc priest but do no damage.
The orc priest is lightly wounded.
The orc priest completely misses you.
You barely miss the orc priest.
The orc priest is lightly wounded.
The orc priest calls down the wrath of Beogh upon you.
Beogh smites you!
The orc priest invokes the aid of Beogh against you.
Beogh smites you!
* * * LOW HITPOINT WARNING * * *
You are too injured to fight recklessly!
You are too injured to fight recklessly!
You are too injured to fight recklessly!
You are too injured to fight recklessly!
You are too injured to fight recklessly!
You barely miss the orc priest.
The orc priest is lightly wounded.
The orc priest shouts, "Join the one true god or die!"
The orc priest mumbles some strange prayers to Beogh against you.
Beogh smites you!
You die...

.......###.#........#.##.#
...........#........#.##.#
......######........#.##†#
......# #......<.#.##.#
#.....## #........#.##.#
+........ #....o...#.##.#
#........###...oo...)..#.#
.......................#.#
............#@#.....#.#
......#♣.♣♣##.#.#####.#
.........♣♣♣..........#
...####P...♣♣.#...###.# .
#♣P...♣♣#...# #.#
♣PP.PP♣....###.####
♣♣P...............#
♣♣♣♣.♣##########.#
##.....# #.##


You could see an orc priest and 2 orcs.

Vanquished Creatures
  5 adders (D:2)
  A worm (D:2)
  2 dart slugs (D:2)
  5 ball pythons
  3 giant cockroaches
  4 goblins
  3 hobgoblins (D:2)
  5 kobolds
  2 quokkas
  A bat (D:2)
  4 frilled lizards
  5 rats
40 creatures vanquished.

Vanquished Creatures (others)
  A plant (D:3)
1 creature vanquished.

Grand Total: 41 creatures vanquished

Notes
Turn   | Place    | Note
-------+----------+-------------------------------------------
     0 | D:1      | Crownlay the Hill Orc Fighter began the quest for the Orb.
     0 | D:1      | Reached XP level 1. HP: 19/19 MP: 1/1
   297 | D:1      | Reached XP level 2. HP: 20/26 MP: 2/2
   749 | D:2      | Reached XP level 3. HP: 24/31 MP: 3/3
   920 | D:2      | Found a faded altar of an unknown god.
  1016 | D:2      | Reached XP level 4. HP: 35/39 MP: 4/4
  1764 | D:3      | Killed from afar by an orc priest

Illustrated notes

Levels and vault maps discovered:
D:1:      nagdon_arrival_zigzag_paths, layout_rooms, minmay_hexomino_f4
D:2:      minmay_chambers_of_twos, layout_rooms, shapermc_ecumenical_altar_venn
D:3:      layout_basic, bloody_makhleb, minitemple, serial_shops, shop,
          serial_forest, infiniplex_forest_clump_cross,
          infiniplex_forest_corner_2, infiniplex_forest_straight_1,
          infiniplex_forest_zigzag_1, infiniplex_forest_corner_1, fountainhead

Skill      XL: |  1  2  3 |
---------------+----------+-----
Axes           | 3 4 |  4.8
Shields        | 4 |  4.6
Fighting       | |  3.6
Armour         | |  3.2

Action                   |  1- 3 |  4- 6 || total
-------------------------+-------+-------++-------
Melee: War axe           |    56 |    35 ||    91
Armor: Scale mail        |    26 |    12 ||    38
Dodge: Dodged            |    20 |    15 ||    35
Block: Buckler           |     2 |     6 ||     8
